 Dungeon Crawl Stone Soup version 0.27-a0-1060-gcb85b5eba1 (webtiles) character file.

Game seed: 11624642995879678066

329 siradein the Cleaver (level 6, -2/50 HPs)
             Began as a Minotaur Gladiator on Apr 21, 2021.
             Slain by an orc warrior
             ... wielding a +0 mace
              (15 damage)
             ... on level 3 of the Dungeon.
             The game lasted 00:03:26 (2540 turns).

siradein the Cleaver (Minotaur Gladiator)           Turns: 2540, Time: 00:03:27

Health: -2/50      AC:  8    Str: 20    XL:     6   Next: 25%
Magic:  5/5        EV: 10    Int:  5    God:
Gold:   124        SH:  0    Dex: 12    Spells: 5/5 levels left

rFire    . . .     SeeInvis .   a - +0 war axe
rCold    . . .     Faith    .   (no shield)
rNeg     . . .     Spirit   .   c - +0 scale mail
rPois    .         Reflect  .   g - +2 hat
rElec    .         Harm     .   (no cloak)
rCorr    .         Rampage  .   (no gloves)
Will     .....                  (no boots)
Stlth    ..........             (no amulet)
HPRegen  0.16/turn              (no ring)
MPRegen  0.09/turn              (no ring)

@: no status effects
A: horns 2, retaliatory headbutt
a: no special abilities


You were on level 3 of the Dungeon.
You visited 1 branch of the dungeon, and saw 5 of its levels.

You collected 124 gold pieces.

Inventory:

Hand Weapons
 a - a +0 war axe (weapon)
Missiles
 d - 5 throwing nets (quivered)
Armour
 c - a +0 scale mail (worn)
 g - a +2 hat (worn)
Scrolls
 b - a scroll of magic mapping {unknown}
 e - 8 scrolls of identify {unknown}
 j - 2 scrolls of teleportation {unknown}
Potions
 f - 3 potions of curing {unknown}
 h - 2 potions of ambrosia {unknown}
 i - a potion of heal wounds {unknown}
 k - a potion of haste {unknown}
 l - a potion of might {unknown}
 m - a potion of flight {unknown}


   Skills:
 - Level 2.4 Fighting
 + Level 8.5 Axes
 - Level 2.0 Throwing
 - Level 3.2 Dodging


You had 5 spell levels left.
You didn't know any spells.
Your spell library was empty.

Dungeon Overview and Level Annotations

Branches:
Dungeon (5/15)
 Temple: D:4-7

Altars:


Innate Abilities, Weirdness & Mutations

You have a pair of horns on your head.
You reflexively headbutt those who attack you in melee.


Message History

No target in view!
No target in view!
Things that are here:
a +0 dagger; a goblin corpse An endoplasm comes into view.
The endoplasm quivers.
An endoplasm is nearby!
An endoplasm is nearby!
An endoplasm is nearby!
The endoplasm hits you but does no damage.
You hit the endoplasm but do no damage. You headbutt the endoplasm.
You kill the endoplasm!
No target in view!
No target in view!
An orc, an orc warrior and an orc wizard come into view.
The orc is wielding a +0 morningstar of protection.
The orc wizard shouts!
The orc shouts!
There are monsters nearby!
There are monsters nearby!
You start waiting.
An orc wizard is nearby!
The orc wizard gestures at you while chanting.
The puff of flame misses you.
You hit the orc wizard but do no damage.
You barely miss the orc warrior. Your headbutt misses the orc warrior.
The orc warrior hits you with a +0 mace.
The orc wizard casts a spell at you. The magic dart hits you!
The orc warrior hits you with a +0 mace!
The orc wizard casts a spell at itself.
The orc wizard flickers and vanishes!
Deactivating autopickup; reactivate with Ctrl-A.
Things that are here:
a +0 dagger; a goblin corpse You hit the orc warrior but do no damage.
The orc warrior hits you with a +0 mace!!
* * * LOW HITPOINT WARNING * * *
You closely miss the orc warrior.
The orc warrior hits you with a +0 mace!
You die...

##.##### #.#.###### #..# .'.'...#
#.#.# #######..# ##.###.#
#.#.##########..).....# #.#
#...........##{####...##
##.###+###....######.##.# #.....
.........+...## ##.##.# #..###
##†###+###...# ####...#.####.{###
#.# #...# #.o...o....##.....
##.###.# #...# #@################
.'.'...# #...# ### ##.##### #...#
#.# #...# ..#.......#
##'#######...# #.......#.......#
.............# #.......#.......#
##.#..####...# #.....# #.....#
.....## ##..#####...# #...#
##.########...).)##'#######'#####


You could see an orc warrior and an orc.

Vanquished Creatures
  A necrophage (D:3)
  A black bear (D:2)
  Jessica (D:3)
  4 adders
  A gnoll (D:1)
  2 dart slugs
  6 orcs (D:3)
  5 endoplasms
  4 giant cockroaches
  8 goblins
  6 hobgoblins
  9 jackals
  3 quokkas
  7 ball pythons
  6 bats
  A frilled lizard (D:1)
  4 kobolds
  6 rats
75 creatures vanquished.

Notes
Turn   | Place    | Note
-------+----------+-------------------------------------------
     0 | D:1      | siradein the Minotaur Gladiator began the quest for the
                  | Orb.
     0 | D:1      | Reached XP level 1. HP: 18/18 MP: 0/0
    21 | D:1      | Reached skill level 4 in Axes
    65 | D:1      | Reached XP level 2. HP: 25/25 MP: 1/1
   278 | D:1      | Reached skill level 5 in Axes
   288 | D:1      | Reached XP level 3. HP: 18/30 MP: 2/2
  1539 | D:3      | Reached skill level 6 in Axes
  1539 | D:3      | Reached XP level 4. HP: 20/37 MP: 3/3
  1703 | D:3      | Noticed Jessica
  1707 | D:3      | Killed Jessica
  1738 | D:3      | You fall into a shaft and drop 2 floors!
  1738 | D:5      | Entered Level 5 of the Dungeon
  1745 | D:5      | Noticed an ice beast
  1747 | D:5      | Noticed a black bear
  1761 | D:5      | Noticed an ice beast
  1793 | D:3      | Found a faded altar of an unknown god.
  1813 | D:2      | Killed a black bear
  1814 | D:2      | Reached skill level 7 in Axes
  1814 | D:2      | Reached XP level 5. HP: 23/42 MP: 4/4
  2102 | D:3      | Noticed a necrophage
  2111 | D:3      | Killed a necrophage
  2112 | D:3      | Reached skill level 8 in Axes
  2112 | D:3      | Reached XP level 6. HP: 39/50 MP: 5/5
  2490 | D:3      | Noticed an orc warrior
  2540 | D:3      | Slain by an orc warrior

Illustrated notes

Levels and vault maps discovered:
D:1:      tarquinn_simple_flora_water_f, layout_loops_ring
D:2:      layout_rooms, minivault_14, grunt_decor_junction
D:3:      kennysheep_six_static_rooms, layout_loops_ring,
          basic_ecumenical_altar, minmay_door_square, grunt_ministairs_8,
          uniq_crazy_yiuf_cottage, uniq_jessica
D:4:      layout_cave_pools, chequers_big_river
D:5:      layout_basic, minmay_temple_entry_statues_fountains,
          minmay_small_thing

Skill      XL: |  1  2  3  4  5 |
---------------+----------------+-----
Axes           | 4 5 6 7 8 |  8.5
Fighting       | |  2.4
Throwing       | |  2.0
Dodging        | |  3.2

Action                   |  1- 3 |  4- 6 || total
-------------------------+-------+-------++-------
Melee: War axe           |    79 |    74 ||   153
       Headbutt          |     6 |    14 ||    20
Armor: Leather armour    |    14 |       ||    14
       Scale mail        |    18 |    44 ||    62
Dodge: Dodged            |    44 |    41 ||    85

Table legend: (Time is in decaauts)
 A = Elapsed time spent in this place.
 B = Non-inter-level travel time spent in this place.
 C = Inter-level travel time spent in this place.
 D = Time resting spent in this place.
 E = Time spent auto-exploring this place.
 F = Levels seen in this place.
 G = Mean time per level.
                   A        B        C        D        E       F      G
               +--------+--------+--------+--------+--------+-----+--------+
         Total |   2567 |   2535 |     32 |    132 |   1895 |   5 |  513.4 |
       Dungeon |   2567 |   2535 |     32 |    132 |   1895 |   5 |  513.4 |
               +--------+--------+--------+--------+--------+-----+--------+

Top non-repeatable levels by time:
     D:1: 1046 daAuts
     D:3: 847 daAuts
     D:2: 639 daAuts
     D:5: 29 daAuts
     D:4: 4 daAuts
